 Dungeon Crawl Stone Soup version 0.28-a0-406-g4bac719ec2 (webtiles) character file.

Game seed: 17608341994909217405

25022 Astera the Covert (level 13, -3/88 HPs)
             Began as an Octopode Venom Mage on Sept 4, 2021.
             Was a High Priest of Okawaru.
             Slain by a manticore (10 damage)
             ... on level 11 of the Dungeon on Sept 5, 2021.
             The game lasted 03:47:12 (29926 turns).

Astera the Covert (Octopode Venom Mage)            Turns: 29926, Time: 03:47:13

Health: -3/88      AC:  3    Str: 11    XL:     13   Next: 16%
Magic:  29/33      EV: 21    Int: 23    God:    Okawaru [*****.]
Gold:   869        SH:  0    Dex: 14    Spells: 10/26 levels left

rFire   + . .      SeeInvis +   N - +4 quarterstaff (chaos)
rCold   . . .      Faith    .   (shield currently unavailable)
rNeg    . . .      Spirit   .   O - +2 hat {SInv}
rPois   .          Reflect  .   r - amulet of regeneration
rElec   .          Harm     .   v - ring of flight
rCorr   +          Rampage  .   x - ring of protection from fire
Will    .....                   g - +6 ring of intelligence
Stlth   ++++++....              z - +4 ring of evasion
HPRegen 1.24/turn               K - ring of resist corrosion
MPRegen 0.23/turn               L - ring of magical power
                                (no ring)
                                (no ring)

@: flying, studying Unarmed Combat
A: almost no armour, amphibious, 8 rings, camouflage 1, gelatinous body 1,
(nimble swimmer 1), tentacles
a: Renounce Religion, Heroism, Finesse, Duel


You were on level 11 of the Dungeon.
You worshipped Okawaru.
Okawaru was extremely pleased with you.
You visited 3 branches of the dungeon, and saw 15 of its levels.
You also visited: Sewer and Ossuary.

You collected 1815 gold pieces.
You spent 946 gold pieces at shops.

Inventory:

Hand Weapons
 e - a +2 bardiche of flaming
 C - the +4 spear of Ubiquitous Innocence {freeze, SInv}
   (You found it on level 7 of the Dungeon)

   It freezes those it strikes, dealing additional cold damage.
   It can also slow down cold-blooded creatures.
   SInv:      It lets you see invisible.
 N - a +4 quarterstaff of chaos (weapon)
Missiles
 a - 23 boomerangs
 d - 97 poisoned darts
 F - 12 javelins
 J - 6 curare-tipped darts
 M - 7 silver boomerangs
Armour
 G - a +0 kite shield
 O - a +2 hat of see invisible (worn)
 S - a +0 buckler of cold resistance
Jewellery
 g - a +6 ring of intelligence (on tentacle)
 r - an amulet of regeneration (around mantle)
 v - a ring of flight (left tentacle)
 x - a ring of protection from fire (right tentacle)
 z - a +4 ring of evasion (on tentacle)
 K - a ring of resist corrosion (on tentacle)
 L - a ring of magical power (on tentacle)
 Q - an amulet of the acrobat
Wands
 s - a wand of iceblast (7)
 A - a wand of digging (5)
 E - a wand of flame (25)
Scrolls
 c - 8 scrolls of teleportation
 f - 2 scrolls of vulnerability {unknown}
 h - 5 scrolls of blinking
 i - a scroll of enchant weapon {unknown}
 l - 2 scrolls of enchant armour
 m - 7 scrolls of fear
 n - 2 scrolls of magic mapping
 q - 4 scrolls of brand weapon
 u - 3 scrolls of amnesia
 y - 2 scrolls of noise {unknown}
 D - a scroll of acquirement {unknown}
 P - a scroll of holy word {unknown}
Potions
 b - a potion of haste
 j - 2 potions of heal wounds
 k - 3 potions of might
 o - a potion of magic
 p - a potion of cancellation
 t - a potion of invisibility
 w - 2 potions of curing
 B - a potion of resistance {unknown}
 H - a potion of lignification {unknown}
 I - a potion of ambrosia {unknown}
 R - 2 potions of attraction
 T - a potion of flight {unknown}


   Skills:
 + Level 7.8 Fighting
 - Level 3.5(5.5) Polearms
 + Level 6.7(7.1) Staves
 - Level 2.0 Throwing
 + Level 8.3 Dodging
 + Level 11.3 Stealth
 - Level 0.2 Unarmed Combat
 + Level 7.4 Spellcasting
 - Level 6.9 Transmutations
 + Level 0.6 Air Magic
 + Level 10.4 Poison Magic
 + Level 8.3 Invocations


You had 10 spell levels left.
You knew the following spells:

 Your Spells              Type           Power      Damage    Failure   Level
a - Sting                 Tmut/Pois      100%       1d8       1%          1
b - Poisonous Vapours     Pois/Air       66%        N/A       1%          2
c - Ignite Poison         Fire/Tmut/Pois 35%        N/A       1%          3
d - Olgreb's Toxic Radia  Pois           54%        N/A       1%          4
e - Mephitic Cloud        Conj/Pois/Air  25%        N/A       4%          3
f - Shock                 Conj/Air       36%        1d5       6%          1
g - Slow                  Hex            8%         N/A       11%         2

Your spell library contained the following spells:

 Spells                   Type           Power      Damage    Failure   Level
 Foxfire                  Conj/Fire      32%        2x1d5     8%          1
 Swiftness                Air            11%        N/A       17%         3
 Confusing Touch          Hex            8%         N/A       22%         3
 Conjure Flame            Conj/Fire      8%         6-21      22%         3
 Inner Flame              Hex/Fire       8%         N/A       22%         3
 Portal Projectile        Hex/Tloc       16%        N/A       22%         3
 Yara's Violent Unravell  Hex/Tmut       12%        3d7       43%         5
 Airstrike                Air            5%         N/A       50%         4
 Cause Fear               Hex            4%         N/A       58%         4
 Flame Wave               Conj/Fire      8%         3d4       58%         4
 Leda's Liquefaction      Hex/Erth       4%         N/A       58%         4
 Freezing Cloud           Conj/Ice/Air   4%         6-21      88%         5
 Lee's Rapid Deconstruct  Erth           4%         3d6*      90%         5
 Statue Form              Tmut/Erth      16%        N/A       95%         6
 Dragon Form              Tmut           20%        N/A       98%         7
 Call Canine Familiar     Summ           Unusable   N/A       N/A         3
 Dragon's Call            Summ           Unusable   N/A       N/A         9

Dungeon Overview and Level Annotations

Branches:
Dungeon (12/15)            Temple (1/1) D:5            Lair (0/6) D:10
    Orc (2/2) D:11            Elf (0/3) Orc:2         Sewer (visited)
Ossuary (visited)

Altars:
Ashenzari
Cheibriados
Dithmenos
Elyvilon
Fedhas
Gozag
Hepliaklqana
Kikubaaqudgha
Makhleb
Nemelex Xobeh
Okawaru
Qazlal
Ru
Sif Muna
Trog
Uskayaw
Vehumet
Wu Jian
Xom
Yredelemnul
Zin
The Shining One

Shops:
D:2 *   D:10 ?[[[   Orc:2 [*(:

Annotations:
D:7 Maggie
D:8 exclusion: boulder beetle
D:11 1 runed translucent door, Zaque's ghost, journeyman TrHu


Innate Abilities, Weirdness & Mutations

You cannot wear most types of armour.
You are amphibious.
You can wear up to eight rings at the same time.
Your skin changes colour to match your surroundings (Stealth+).
Your rubbery body absorbs attacks. (AC +1, EV +1)
((You are camouflaged near water. (Stealth+)))
You have tentacles for arms and can constrict up to eight enemies at once.


Message History

You sock the slime creature!
You kill the slime creature!
Okawaru accepts your kill.
You start resting.
Magic restored.
You start resting.
HP restored.
There is a stone staircase leading down here.
You fly downwards.
The manticore completely misses you. The manticore barely misses you.
The manticore claws you. The manticore completely misses you.
The manticore closely misses you. The manticore claws you!
There is a stone staircase leading up, spattered with blood here.
The manticore barely misses you. x2; The manticore misses you.
You fly upwards.
Level annotation: 1 runed translucent door, Zaque's ghost, journeyman TrHu
There is a stone staircase leading down here.
The sting hits the manticore but does no damage.
The manticore is poisoned.
The manticore bites you. The manticore completely misses you.
The manticore misses you.
The sting hits the manticore.
The manticore looks even sicker.
The manticore is lightly wounded.
The manticore bites you! The manticore claws you. The manticore claws you!
Casting: Sting (safe; 1% risk of failure)
Confirm with . or Enter, or press ? or * to list all spells.
Aiming: Shock (safe; 6% risk of failure)
Press: ? - help, Shift-Dir - straight line, f/p - manticore
Aim: a manticore (lightly wounded, very poisoned, 81% to hit)
Okay, then.
Casting: Shock (safe; 6% risk of failure)
Confirm with . or Enter, or press ? or * to list all spells.
Aiming: Slow (safe; 11% risk of failure)
Press: ? - help, Shift-Dir - straight line, f/p - manticore
Aim: a manticore (lightly wounded, very poisoned, chance to affect: 26%)
The manticore easily resists.
The manticore bites you!!
* * * LOW HITPOINT WARNING * * *
The manticore claws you!
* * * LOW HITPOINT WARNING * * *
The manticore claws you!
You die...

#....############...#######...
#....###### #....).........
#.......#.# ##.##...........
#######..(#####..#####........
##..........####...####.
#####.###.###...(....#####
#.....###.#...[........##.
########.######..#.#..........##.
....#....####...@..#..###)..#####
#...............H.....####..#####
#....#..................#.(......
#...##...........###..#####...(..
#.................##..#####.#...#
....##.....)......##........###.#
§§..##########...####........>..#
§§..# #.........########## #####
###.?....##


You could see a manticore (very poisoned).

Vanquished Creatures
  An orc warlord (Orc:1)
  Erica (D:11)
  2 two-headed ogres
  4 orc high priests (Orc:2)
  4 orc knights (Orc:2)
  5 orc sorcerers
  Joseph (D:9)
  A centaur zombie (D:11)
  2 unseen horrors
  A hornet (D:10)
  Prince Ribbit (D:5)
  A slime creature (D:11)
  Sigmund (D:5)
  3 wraiths
  A human (D:6)
  15 yaks
  A vampire (D:10)
  2 wyverns (D:8)
  2 steam dragons
  3 vampire mosquitoes
  Edmund (D:5)
  8 wargs
  2 acid dragons
  A water moccasin (D:6)
  38 orc warriors
  A sky beast (D:7)
  10 ogres
  An ice beast (D:7)
  3 centaurs
  A phantom (D:4)
  Blork the orc (D:5)
  6 kobold brigands
  An elf zombie (Ossuary)
  8 bullfrogs
  2 gnoll sergeants
  2 scorpions
  4 wights (D:6)
  4 howler monkeys
  2 human zombies (Ossuary)
  3 jellies
  20 orc priests
  3 hounds
  Crazy Yiuf (D:3)
  A centaur skeleton (D:7)
  An iguana (D:5)
  Ijyb (D:3)
  31 orc wizards
  A hound zombie (D:5)
  A howler monkey zombie (D:5)
  2 mummies (Ossuary)
  10 gnolls
  4 river rats (Sewer)
  13 adders
  An ufetubus (D:6)
  2 worms
  2 dart slugs
  63 orcs
  13 endoplasms
  6 giant cockroaches
  8 goblins
  5 hobgoblins
  5 jackals
  12 quokkas
  17 ball pythons
  6 bats
  6 frilled lizards
  4 goblin zombies (Ossuary)
  2 hobgoblin zombies (Ossuary)
  A jackal zombie (D:6)
  24 kobolds
  5 orc zombies (Ossuary)
  29 rats
451 creatures vanquished.

Vanquished Creatures (others)
  An orc (Orc:2)
  A bush (D:5)
  3 plants (D:10)
5 creatures vanquished.

Grand Total: 456 creatures vanquished

Notes
Turn   | Place    | Note
-------+----------+-------------------------------------------
     0 | D:1      | Astera the Octopode Venom Mage began the quest for the Orb.
     0 | D:1      | Reached XP level 1. HP: 11/11 MP: 3/3
   345 | D:1      | Reached XP level 2. HP: 17/17 MP: 1/5
   726 | D:1      | Found a faded altar of an unknown god.
   736 | D:1      | Became a worshipper of Warmaster Okawaru
   736 | D:1      | Reached * piety under Okawaru
   937 | D:2      | Found Yhi Feh's Assorted Antiques.
  1009 | D:2      | Reached XP level 3. HP: 18/21 MP: 3/6
  1041 | D:2      | Reached skill level 3 in Stealth
  1398 | D:2      | Learned a level 2 spell: Poisonous Vapours
  1973 | D:2      | Reached XP level 4. HP: 27/27 MP: 1/7
  2843 | D:3      | Found a glowing drain.
  2886 | Sewer    | Entered a sewer
  3522 | Sewer    | Reached XP level 5. HP: 32/32 MP: 5/8
  3681 | Sewer    | Reached skill level 1 in Staves
  3681 | Sewer    | Reached skill level 1 in Invocations
  3765 | Sewer    | Reached skill level 1 in Fighting
  5451 | Sewer    | Reached XP level 6. HP: 38/38 MP: 5/10
  5753 | Sewer    | Reached skill level 4 in Stealth
  6374 | D:3      | Reached skill level 5 in Poison Magic
  6836 | D:3      | Found an ancient bone altar of Kikubaaqudgha.
  6836 | D:3      | Noticed Ijyb
  6855 | D:3      | Killed Ijyb
  7115 | D:3      | Found a sparkling altar of Nemelex Xobeh.
  7222 | D:3      | Found a runed translucent door.
  7223 | D:3      | Noticed Crazy Yiuf
  7299 | D:4      | Identified the +3 leather armour of the Tired Blessings
                  | {Harm +Inv rPois rC-}
  7610 | D:4      | Found a glowing golden altar of the Shining One.
  7631 | D:4      | Reached ** piety under Okawaru
  8014 | D:5      | Entered Level 5 of the Dungeon
  8025 | D:5      | Found a staircase to the Ecumenical Temple.
  8033 | D:5      | Reached XP level 7. HP: 36/44 MP: 4/11
  8249 | D:5      | Noticed Blork the orc
  8895 | D:6      | Found a runed translucent door.
  8895 | D:6      | Noticed a human
  8970 | D:6      | Found a basalt altar of Yredelemnul.
  9064 | D:6      | Found a sacrificial altar of Ru.
  9465 | D:6      | Reached skill level 5 in Stealth
  9519 | D:6      | Reached XP level 8. HP: 51/51 MP: 7/13
  9861 | D:5      | Noticed Edmund
  9902 | D:5      | Killed Edmund
  9947 | D:5      | Noticed Sigmund
 10347 | D:5      | Noticed Prince Ribbit
 10568 | D:5      | Reached *** piety under Okawaru
 10641 | D:5      | Killed Prince Ribbit
 10957 | Temple   | Entered the Ecumenical Temple
 11410 | D:7      | Reached skill level 6 in Stealth
 11542 | D:7      | Found a sand-covered staircase.
 11548 | Ossuary  | Entered an ossuary
 11797 | Ossuary  | Reached XP level 9. HP: 47/57 MP: 15/15
 12133 | D:7      | Reached **** piety under Okawaru
 12233 | D:6      | Learned a level 3 spell: Ignite Poison
 12777 | D:6      | Found an iron altar of Okawaru.
 12959 | D:7      | Found an ornate altar of the Wu Jian Council.
 13154 | D:7      | Identified the +4 spear of Ubiquitous Innocence {freeze,
                  | SInv}
 13201 | D:7      | Noticed Maggie
 13745 | D:8      | Found a shimmering blue altar of Sif Muna.
 13921 | D:8      | Noticed a two-headed ogre
 14070 | D:8      | Noticed a boulder beetle
 14213 | D:7      | Reached skill level 1 in Polearms
 14213 | D:7      | Reached skill level 7 in Stealth
 14304 | D:8      | Reached skill level 5 in Dodging
 14839 | D:8      | Upgraded the game from 0.28-a0-397-g1a7b1a870f to
                  | 0.28-a0-406-g4bac719ec2
 15054 | D:9      | Reached XP level 10. HP: 20/65 MP: 17/17
 15289 | D:9      | Reached skill level 5 in Spellcasting
 15556 | D:9      | Found a shimmering altar of Xom.
 15579 | D:9      | Noticed an unseen horror
 15602 | D:9      | Killed an unseen horror
 15603 | D:9      | Reached skill level 5 in Invocations
 15852 | D:8      | Reached skill level 5 in Transmutations
 16364 | D:9      | Noticed Joseph
 16402 | D:9      | Reached ***** piety under Okawaru
 16403 | D:9      | Reached skill level 8 in Stealth
 16517 | D:9      | Reached skill level 5 in Fighting
 16935 | D:9      | Killed Joseph
 17476 | D:9      | Found a shimmering altar of Xom.
 17793 | D:3      | Killed Crazy Yiuf
 18083 | D:5      | Killed Blork the orc
 18364 | D:6      | Found a radiant altar of Vehumet.
 19082 | D:8      | Reached XP level 11. HP: 69/72 MP: 19/19
 19283 | D:8      | Killed a two-headed ogre
 19283 | D:8      | Received a gift from Okawaru
 19284 | D:8      | Reached skill level 9 in Stealth
 19504 | D:5      | Killed Sigmund
 19869 | D:10     | Entered Level 10 of the Dungeon
 20044 | D:10     | Found Ujettish's Antique Armour Shoppe.
 20387 | D:10     | Found Xiushraimp's Armour Emporium.
 20472 | D:10     | Received a gift from Okawaru
 20623 | D:10     | Found a staircase to the Lair.
 20851 | D:10     | Found Teostamn's Magic Scroll Emporium.
 20855 | D:10     | Bought a scroll of blinking for 112 gold pieces
 20855 | D:10     | Bought a scroll of fear for 52 gold pieces
 20855 | D:10     | Bought a scroll of teleportation for 45 gold pieces
 21016 | D:10     | Found Kutum's Armour Emporium.
 21020 | D:10     | Bought a +0 hat of see invisible for 165 gold pieces
 21244 | D:11     | Found a gate leading to a gauntlet.
 21244 | D:11     | Found a runed translucent door.
 21245 | D:11     | Noticed a fire dragon
 21246 | D:11     | Noticed Zaque's ghost (journeyman TrHu)
 21398 | D:11     | Noticed Erica
 21721 | D:11     | Found a staircase to the Orcish Mines.
 22094 | D:11     | Learned a level 4 spell: Olgreb's Toxic Radiance
 22098 | D:11     | Learned a level 3 spell: Mephitic Cloud
 22259 | D:11     | Killed Erica
 22259 | D:11     | Received a gift from Okawaru
 22260 | D:11     | Reached skill level 5 in Staves
 22526 | D:11     | Identified the +6 falchion of Feschoj {protect, *Noise
                  | rElec rC++ Will+}
 22717 | D:11     | Identified the +9 rapier of Annihilation {holy, Str+8}
 22937 | D:11     | Found a shadowy altar of Dithmenos.
 23052 | D:12     | Noticed a manticore
 23230 | Orc:1    | Entered Level 1 of the Orcish Mines
 23260 | Orc:1    | Noticed an orc sorcerer
 23407 | D:10     | Reached XP level 12. HP: 64/80 MP: 21/21
 23572 | D:11     | Paralysed by an orc sorcerer for 6 turns
 23585 | D:11     | Reached skill level 10 in Stealth
 23864 | Orc:2    | Entered Level 2 of the Orcish Mines
 25987 | Orc:2    | Paralysed by an orc sorcerer for 3 turns
 26002 | Orc:2    | Paralysed by an orc sorcerer for 6 turns
 26021 | Orc:1    | Reached skill level 1 in Throwing
 26226 | Orc:2    | Noticed an orc high priest
 26231 | Orc:2    | Killed an orc high priest
 26261 | Orc:2    | Noticed an orc high priest
 26264 | Orc:2    | Killed an orc high priest
 26416 | Orc:2    | Found a staircase to the Elven Halls.
 26448 | Orc:2    | Paralysed by an orc sorcerer for 4 turns
 26592 | Orc:2    | Noticed a two-headed ogre
 26677 | Orc:2    | Killed a two-headed ogre
 27181 | Orc:2    | Noticed an orc warlord
 27214 | Orc:1    | Killed an orc warlord
 27214 | Orc:1    | Identified the +7 triple sword "Lorem Ipsum" {holy, rN++}
                  | (Okawaru gifted it to you on level 1 of the Orcish Mines)
 27214 | Orc:1    | Received a gift from Okawaru
 27422 | Orc:2    | Reached skill level 10 in Poison Magic
 28113 | Orc:2    | Reached skill level 11 in Stealth
 28240 | Orc:2    | Paralysed by an orc sorcerer for 2 turns
 28405 | Orc:2    | Noticed an orc high priest
 28445 | Orc:2    | Killed an orc high priest
 28446 | Orc:2    | Reached XP level 13. HP: 76/87 MP: 23/23
 28974 | Orc:2    | Learned a level 1 spell: Shock
 29311 | Orc:2    | Found Boenepnu's General Store.
 29311 | Orc:2    | Found Hotrik's Book Shop.
 29313 | Orc:2    | Found Yhai's Antique Armour Boutique.
 29313 | Orc:2    | Found Reol's Antique Weapon Boutique.
 29328 | Orc:2    | Bought a scroll of fear for 56 gold pieces
 29328 | Orc:2    | Bought a scroll of blinking for 120 gold pieces
 29333 | Orc:2    | Bought a scroll of identify for 32 gold pieces
 29335 | Orc:2    | Bought a book of Misfortune for 364 gold pieces
 29338 | Orc:2    | Learned a level 2 spell: Slow
 29926 | D:11     | Slain by a manticore

Illustrated notes

Levels and vault maps discovered:
D:1:      matt_arrival_spirals, layout_loops_cross,
          chequers_ecumenical_altar_simple_redux, minmay_fountain_box
D:2:      layout_rooms, serial_co_window_serial, co_window_of_opportunity_a,
          co_window_paths_a, co_window_of_opportunity_a,
          co_window_of_opportunity_a, co_window_paths_a, co_window_paths_a,
          co_window_corner_b, co_window_broadway_a, co_window_2corner,
          co_window_unsneaky_path_a, co_window_4corner_a, glass_columns_a,
          glass_columns_a, glass_columns_a, glass_columns_b, glass_columns_a,
          serial_shops, nicolae_lakefront_shop, minmay_tiny_reverse_x
D:3:      layout_loops_cross, mainiacjoe_overflow_surrounded_room,
          lemuel_coloured_pillars_altar, gup_sewer_entry_pipe,
          uniq_crazy_yiuf_cottage, uniq_ijyb
D:4:      layout_rooms, pf_just_have_faith, serial_rivers,
          chequers_serial_rivers_large_a, chequers_serial_rivers_micro_e,
          chequers_serial_rivers_room_a, chequers_serial_rivers_small_a,
          chequers_serial_rivers_micro_b
D:5:      minmay_evil_eye, layout_rooms, minmay_temple_entry_drinking_statues,
          amcnicky_mini_corridor_feature, kb_lookout_dungeons_type,
          fountainhead, uniq_sigmund, uniq_edmund, uniq_prince_ribbit1,
          uniq_blork_the_orc
D:6:      layout_basic, amcnicky_altar_gilded,
          nicolae_ru_great_annihilating_truth, dk_yredelemnul_ordeal,
          kennysheep_okawaru_gauntlet, hangedman_decor_lopped,
          kennysheep_generic_room_12
D:7:      layout_loops_ring, nzn_wu_jian_council_hall,
          nicolae_ossuary_entry_ruins, uniq_maggie
D:8:      layout_basic, mainiacjoe_overflow_concentric_impassable,
          serial_park_tiny_1, minmay_manual_moon
D:9:      layout_long_grid, brannock_xom_greatest_gift, uniq_joseph
D:10:     layout_loops_ring, erik_lair_orcish_takeover, serial_shops,
          nicolae_shop_trees, nicolae_shop_waterfront, shop, shop
D:11:     layout_rooms, david_orc_1_choice, ebering_ghost_inner_flame,
          gauntlet_entry_generic, hangedman_decor_growths,
          nicolae_dithmenos_the_darkroom, uniq_erica
D:12:     layout_cave_pools, serial_shops, nicolae_square_shop
Temple:   minmay_temple_bridge_abc
Orc:1:    layout_caves
Orc:2:    st_orc_congregation, layout_diamond_mine

Skill      XL: |  1  2  3  4  5  6  7  8  9 10 11 12 |
---------------+-------------------------------------+-----
Poison Magic   | 4 5 6 7 8 9 10 | 10.4
Stealth        | 3 4 5 6 7 8 9 11 | 11.3
Staves         | 1 2 3 4 5 6 |  6.7
Invocations    | 1 2 3 4 5 7 8 |  8.3
Fighting       | 1 2 3 4 5 6 7 |  7.8
Transmutations | 2 3 4 5 6 |  6.9
Dodging        | 3 4 5 6 7 8 |  8.3
Spellcasting   | 3 4 5 6 7 |  7.4
Polearms       | 1 3 |  3.5
Throwing       | 2 |  2.0
Unarmed Combat | |  0.2
Air Magic      | |  0.6

Action                   |  1- 3 |  4- 6 |  7- 9 | 10-12 | 13-15 || total
-------------------------+-------+-------+-------+-------+-------++-------
Melee: Unarmed           |    12 |    25 |    21 |       |       ||    58
       Constrict         |     3 |     7 |    25 |    35 |     2 ||    72
       Tentacles         |     3 |     4 |    34 |    44 |     3 ||    88
       Trident           |       |       |    82 |       |       ||    82
       Spear             |       |       |   119 |    70 |       ||   189
       Quarterstaff      |       |       |       |   251 |    28 ||   279
Throw: Boomerang         |       |       |    31 |    43 |     2 ||    76
       Dart              |       |       |       |     4 |       ||     4
 Cast: Sting             |    60 |   127 |   131 |   180 |    14 ||   512
       Poisonous Vapours |     9 |    67 |   101 |   306 |    43 ||   526
       Ignite Poison     |       |       |     1 |    30 |     5 ||    36
       Olgreb's Toxic Ra |       |       |       |     6 |     2 ||     8
       Slow              |       |       |       |       |     1 ||     1
  Use: Potion            |       |     2 |     4 |     6 |       ||    12
       Scroll            |       |       |     9 |     6 |     2 ||    17
 Stab: Sleeping          |       |     1 |     2 |     2 |       ||     5
       Paralysed         |       |       |       |     3 |       ||     3
Armor: Skin              |     4 |     5 |    14 |    26 |     1 ||    50
Dodge: Dodged            |    21 |    64 |   211 |   387 |    35 ||   718
Block: Kite shield       |       |       |    37 |    32 |       ||    69

Table legend: (Time is in decaauts)
 A = Elapsed time spent in this place.
 B = Non-inter-level travel time spent in this place.
 C = Inter-level travel time spent in this place.
 D = Time resting spent in this place.
 E = Time spent auto-exploring this place.
 F = Levels seen in this place.
 G = Mean time per level.
                   A        B        C        D        E       F      G
               +--------+--------+--------+--------+--------+-----+--------+
         Total |  30216 |  28509 |   1707 |   8901 |   7349 |  17 | 1777.4 |
       Dungeon |  20285 |  18679 |   1606 |   3957 |   6763 |  12 | 1690.4 |
        Temple |    139 |    139 |      0 |      0 |    100 |   1 |  139.0 |
  Orcish Mines |   6252 |   6151 |    101 |   2567 |    172 |   2 | 3126.0 |
         Sewer |   3161 |   3161 |      0 |   2318 |    274 |   1 | 3161.0 |
       Ossuary |    376 |    376 |      0 |     59 |     40 |   1 |  376.0 |
               +--------+--------+--------+--------+--------+-----+--------+

Top non-repeatable levels by time:
   Orc:2: 5315 daAuts
   Sewer: 3161 daAuts
     D:6: 3118 daAuts
     D:9: 2681 daAuts
     D:8: 2037 daAuts
    D:11: 1963 daAuts
     D:7: 1859 daAuts
     D:3: 1793 daAuts
     D:5: 1763 daAuts
    D:10: 1710 daAuts
     D:2: 1551 daAuts
   Orc:1: 937 daAuts
     D:1: 902 daAuts
     D:4: 875 daAuts
 Ossuary: 376 daAuts
